 Dungeon Crawl Stone Soup version 0.29-a0-925-g0a7a3d12f8 (webtiles) character file.

Game seed: 7752798654552293825

2141 ragingrage the Cleaver (level 9, -2/54 HPs)
             Began as a Gargoyle Artificer on July 29, 2022.
             Was a Believer of Okawaru.
             Slain by a kobold brigand
             ... wielding a +2 short sword of distortion
              (16 damage)
             ... on level 7 of the Dungeon.
             The game lasted 00:10:30 (8994 turns).

ragingrage the Cleaver (Gargoyle Artificer)         Turns: 8994, Time: 00:10:31

Health: -2/54      AC: 15    Str: 20    XL:     9   Next: 30%
Magic:  9/9        EV: 13    Int: 12    God:    Okawaru [**....]
Gold:   507        SH:  0    Dex: 10    Spells: 8/8 levels left

rFire   . . .      SeeInvis .   a - +0 war axe
rCold   . . .      Faith    .   (no shield)
rNeg    + . .      Spirit   .   C - +1 scale mail "Xuvafuch" {Stlth+}
rPois   ∞          Reflect  .   o - +0 helmet
rElec   +          Harm     .   (no cloak)
rCorr   .          Rampage  .   (no gloves)
Will    +....                   (no boots)
Stlth   +.........              (no amulet)
HPRegen 0.18/turn               g - +4 ring of evasion
MPRegen 0.11/turn               u - ring of willpower

@: studying Axes
A: sickness immunity, AC +6, negative energy resistance 1, electricity
resistance, torment resistance 1, petrification resistance
a: Renounce Religion, Heroism


You were on level 7 of the Dungeon.
You worshipped Okawaru.
Okawaru was pleased with you.
You visited 2 branches of the dungeon, and saw 8 of its levels.

You collected 507 gold pieces.

Inventory:

Hand Weapons
 a - a +0 war axe (weapon)
 b - a +0 shortbow
Missiles
 k - 3 poisoned darts
Armour
 o - a +0 helmet (worn)
 C - the +1 scale mail "Xuvafuch" (worn) {Stlth+}
   (You found it on level 6 of the Dungeon)

   Stlth:     It makes you more stealthy.
Jewellery
 g - a +4 ring of evasion (left hand)
 l - a +6 ring of intelligence
 u - a ring of willpower (right hand)
Wands
 c - a wand of flame (13) (quivered)
 d - a wand of charming (10)
 e - a wand of iceblast (7)
 D - a wand of quicksilver (10)
Scrolls
 f - a scroll of enchant armour
 j - 2 scrolls of fear
 n - 3 scrolls of teleportation
 q - a scroll of immolation {unknown}
 r - 3 scrolls of identify
 t - a scroll of silence {unknown}
 v - a scroll of blinking {unknown}
 x - 2 scrolls of amnesia {unknown}
 y - 2 scrolls of vulnerability {unknown}
 z - 2 scrolls of noise {unknown}
 B - a scroll of magic mapping {unknown}
Potions
 h - 3 potions of brilliance {unknown}
 i - 2 potions of lignification
 m - 2 potions of curing
 p - 4 potions of heal wounds
 s - a potion of ambrosia {unknown}
 w - a potion of haste
 A - a potion of might


   Skills:
 - Level 5.4 Fighting
 * Level 8.5 Axes
 - Level 2.1 Armour
 - Level 0.7 Dodging
 - Level 1.1 Stealth
 + Level 7.4 Evocations


You had 8 spell levels left.
You didn't know any spells.
Your spell library contained the following spells:

 Spells                   Type           Power      Damage    Failure   Level
 Apportation              Tloc           0%         N/A       67%         1
 Sting                    Tmut/Pois      0%         1d3       67%         1
 Poisonous Vapours        Pois/Air       0%         N/A       82%         2
 Olgreb's Toxic Radiance  Pois           0%         N/A       100%        4
 Alistair's Intoxication  Tmut/Pois      0%         N/A       100%        5
 Borgnjor's Vile Clutch   Necr/Erth      0%         N/A       100%        5
 Animate Dead             Necr           Unusable   N/A       N/A         4
 Death Channel            Necr           Unusable   N/A       N/A         6

Dungeon Overview and Level Annotations

Branches:
Dungeon (7/15)             Temple (1/1) D:4

Altars:
Ashenzari
Cheibriados
Dithmenos
Elyvilon
Fedhas
Gozag
Hepliaklqana
Kikubaaqudgha
Makhleb
Nemelex Xobeh
Okawaru
Qazlal
Trog
Uskayaw
Vehumet
Xom
Yredelemnul
Zin
The Shining One

Shops:
D:1 :   D:7 :

Annotations:
D:3 1 runed translucent door


Innate Abilities, Weirdness & Mutations

You are immune to sickness and miasma.
Your stone body is resilient. (AC +6)
You are immune to poison.
You resist negative energy. (rN+)
You are resistant to electric shocks. (rElec)
You are resistant to unholy torment.
You are immune to petrification.


Message History

No target in view!
No target in view!
h - 2 fuming yellow potions (gained 1)
h - 3 fuming yellow potions (gained 1) Key pressed, stopping explore.
You now have 500 gold pieces (gained 12).
Found Hoqoonu's Book Emporium.
There is an entrance to Hoqoonu's Book Emporium here.
You now have 507 gold pieces (gained 7).
x - 2 scrolls labelled FOEMOB CIPSED (gained 1) Key pressed, stopping explore.
D - a wand of quicksilver (10)
n - 3 scrolls of teleportation (gained 1)
A kobold brigand comes into view.
It is wielding a +2 short sword of distortion and quivering curare-tipped darts.
What are your orders? t - Shout!
Orders for allies: a - Attack new target. r - Retreat! s - Stop attacking. g - Guard the area. f - Follow me.
Anything else - Cancel.
You shout for attention!
A kobold brigand is nearby!
You start waiting.
A kobold brigand is nearby!
The kobold brigand hits you with a +2 short sword of distortion.
Space warps around you.
You closely miss the kobold brigand.
The kobold brigand hits you with a +2 short sword of distortion.
Space warps horribly around you!
You barely miss the kobold brigand.
The kobold shouts!
The kobold brigand hits you with a +2 short sword of distortion.
Space warps horribly around you!
You hit the kobold brigand.
The kobold brigand is lightly wounded.
The kobold brigand hits you but does no damage.
The kobold brigand hits you with a +2 short sword of distortion.
* * * LOW HITPOINT WARNING * * *
Space warps horribly around you!
You die...

..........#......K..# #...#.#...
####))....#.##.#.##.####...#.#..#
#.).))..#.##...#..............#
#.###...#.###..#...............
#.# #...#.###K.#.###...........
#.# #...#.#...>................
#.###...#.#.#.##.##############
#.........#.#K##.# #...#.
#..##.....#.#.@..# #.#.#.
#....###..#.###### #.#.#.
....##.###..#.###### #.#.#.
######...#..........# #.#...
###.#..#.#####.# #.#### #.#..#...
#.....
########.#.######################
.........#.......................
.################################


You could see a kobold brigand and a kobold.

Vanquished Creatures
  A hornet (D:7)
  A yak (D:7)
  3 water moccasins
  2 ice beasts (D:6)
  A sky beast (D:5)
  An ogre (D:7)
  A centaur (D:5)
  2 scorpions
  2 howler monkeys (D:5)
  A gnoll bouda (D:7)
  A hound (D:6)
  5 orc priests
  6 jellies
  An iguana (D:6)
  Natasha (thrice) (D:2)
  6 orc wizards
  Terence (D:3)
  2 gnolls (D:5)
  5 adders
  2 white imps
  An ufetubus (D:5)
  A worm (D:2)
  2 dart slugs (D:1)
  23 orcs
  5 ball pythons
  6 endoplasms
  2 giant cockroaches
  10 goblins
  16 hobgoblins
  9 kobolds
  3 bats
  2 frilled lizards
  A kobold skeleton (D:3)
  3 rats
131 creatures vanquished.

Vanquished Creatures (collateral kills)
  An orc (D:4)
  A kobold (D:2)
2 creatures vanquished.

Vanquished Creatures (others)
  2 adders
  An orc (D:3)
3 creatures vanquished.

Grand Total: 136 creatures vanquished

Notes
Turn   | Place    | Note
-------+----------+-------------------------------------------
     0 | D:1      | ragingrage the Gargoyle Artificer began the quest for the
                  | Orb.
     0 | D:1      | Reached XP level 1. HP: 12/12 MP: 1/1
   365 | D:1      | Reached XP level 2. HP: 15/17 MP: 2/2
   958 | D:1      | Found Beimuskup's Book Shoppe.
  1095 | D:2      | You fall into a shaft and drop 2 floors!
  1153 | D:3      | Reached XP level 3. HP: 21/21 MP: 3/3
  1341 | D:3      | Noticed a human
  1342 | D:3      | Found a runed translucent door.
  1393 | D:3      | Found a basalt altar of Yredelemnul.
  1421 | D:2      | Noticed Natasha
  1426 | D:2      | Killed Natasha
  1475 | D:2      | Reached XP level 4. HP: 6/28 MP: 4/4
  1481 | D:2      | Noticed Natasha
  2194 | D:3      | Found a bloodstained altar of Trog.
  2264 | D:3      | Noticed Terence
  2279 | D:3      | Killed Terence
  2356 | D:3      | Found a faded altar of an unknown god.
  2534 | D:2      | Reached XP level 5. HP: 29/32 MP: 5/5
  3363 | D:2      | Killed Natasha
  3504 | D:2      | Noticed Natasha
  3516 | D:2      | Killed Natasha
  3892 | D:4      | Reached XP level 6. HP: 39/39 MP: 6/6
  4103 | D:4      | Reached skill level 5 in Fighting
  4103 | D:4      | Reached skill level 5 in Evocations
  4345 | D:4      | Found a staircase to the Ecumenical Temple.
  4519 | Temple   | Entered the Ecumenical Temple
  4541 | Temple   | Became a worshipper of Warmaster Okawaru
  4592 | D:5      | Entered Level 5 of the Dungeon
  4600 | D:5      | Reached XP level 7. HP: 44/44 MP: 7/7
  4658 | D:5      | Reached skill level 1 in Axes
  4932 | D:5      | Reached skill level 2 in Axes
  4962 | D:5      | Reached * piety under Okawaru
  5108 | D:5      | Found a shimmering altar of Xom.
  5113 | D:5      | Found a white marble altar of Elyvilon.
  5132 | D:5      | Found a glowing silver altar of Zin.
  5199 | D:5      | Found a radiant altar of Vehumet.
  5255 | D:5      | Reached skill level 3 in Axes
  5870 | D:6      | Reached skill level 4 in Axes
  5870 | D:6      | Reached XP level 8. HP: 26/50 MP: 8/8
  6724 | D:6      | Identified the +1 scale mail "Xuvafuch" {Stlth+}
  6843 | D:5      | Reached skill level 5 in Axes
  6978 | D:6      | Found an opulent altar of Gozag.
  7682 | D:6      | Identified a scroll of acquirement
  7684 | D:6      | Acquired a manual of Axes
  7862 | D:7      | Noticed a hornet
  8079 | D:7      | Reached skill level 6 in Axes
  8289 | D:7      | Reached ** piety under Okawaru
  8290 | D:7      | Reached XP level 9. HP: 49/54 MP: 9/9
  8357 | D:7      | Reached skill level 7 in Axes
  8534 | D:7      | Killed a hornet
  8535 | D:7      | Reached skill level 8 in Axes
  8829 | D:7      | Found Hoqoonu's Book Emporium.
  8994 | D:7      | Slain by a kobold brigand

Illustrated notes

Levels and vault maps discovered:
D:1:      dpeg_arrival_orchard, layout_loops_cross, serial_shops, shop,
          chequers_mini_garden
D:2:      layout_rooms, uniq_natasha
D:3:      layout_basic, trog_hazing_becter, dk_yredelemnul_ordeal,
          hellmonk_ecumenical_altar_crossroads, uniq_terence
D:4:      layout_basic, minmay_temple_entry_fiery, kennysheep_boxes
D:5:      layout_basic, nicolae_vehumet_radiance, minitemple
D:6:      layout_cave_pools, grunt_gozag_breadcrumbs
D:7:      layout_basic, serial_shops, shop, dreamdust_gnoll_shepherd
Temple:   nicolae_temple_ecumenical_triangle

Skill      XL: |  1  2  3  4  5  6  7  8  9 |
---------------+----------------------------+-----
Evocations     | 3 4 5 6 7 |  7.4
Fighting       | 2 3 4 5 |  5.4
Axes           | 4 6 8 |  8.5
Armour         | |  2.1
Dodging        | |  0.7
Stealth        | |  1.1

Action                   |  1- 3 |  4- 6 |  7- 9 || total
-------------------------+-------+-------+-------++-------
Melee: Club              |   118 |    73 |       ||   191
       Punch             |     2 |     4 |     5 ||    11
       Mace              |       |   106 |       ||   106
       Hand axe          |       |       |   342 ||   342
       War axe           |       |       |    55 ||    55
 Fire: Sling             |       |    37 |       ||    37
       Shortbow          |       |       |    29 ||    29
Throw: Dart              |       |     3 |     3 ||     6
Invok: Heroism           |       |       |     2 ||     2
Evoke: Wand              |     8 |     8 |     7 ||    23
  Use: Scroll            |       |       |     8 ||     8
Armor: Leather armour    |    72 |    41 |       ||   113
       Scale mail        |       |    62 |    82 ||   144
       Chain mail        |       |    60 |   147 ||   207
Dodge: Dodged            |    91 |   138 |   289 ||   518

Table legend: (Time is in decaauts)
 A = Elapsed time spent in this place.
 B = Non-inter-level travel time spent in this place.
 C = Inter-level travel time spent in this place.
 D = Time resting spent in this place.
 E = Time spent auto-exploring this place.
 F = Levels seen in this place.
 G = Mean time per level.
                   A        B        C        D        E       F      G
               +--------+--------+--------+--------+--------+-----+--------+
         Total |   9251 |   8744 |    507 |   2455 |   4301 |   8 | 1156.4 |
       Dungeon |   9223 |   8727 |    496 |   2455 |   4289 |   7 | 1317.6 |
        Temple |     27 |     17 |     10 |      0 |     12 |   1 |   27.0 |
               +--------+--------+--------+--------+--------+-----+--------+

Top non-repeatable levels by time:
     D:5: 1900 daAuts
     D:3: 1466 daAuts
     D:7: 1280 daAuts
     D:1: 1270 daAuts
     D:2: 1158 daAuts
     D:6: 1144 daAuts
     D:4: 1002 daAuts
  Temple: 27 daAuts
